 Dungeon Crawl Stone Soup version 0.25-a0-410-g53dbb631d1 (console) character file.

Game seed: 14488136727674263223, levelgen mode: deterministic

1246 Kagalorn the Covert (level 8, -8/56 HPs)
             Began as a Human Assassin on Jan 13, 2020.
             Was an Initiate of Dithmenos.
             Splashed by a jelly's acid (9 damage)
             ... on level 6 of the Dungeon.
             The game lasted 00:24:14 (6789 turns).

Kagalorn the Covert (Human Assassin)                Turns: 6789, Time: 00:24:15

Health: -8/56      AC:  0    Str: 11 (12) XL:     8   Next: 79%
Magic:  10/10      EV: 12    Int: 14      God:    Dithmenos [......]
Gold:   294        SH:  0    Dex: 18      Spells: 8/10 levels left

rFire    . . .     SeeInvis +   a - +1 short sword (protect)
rCold    . . .     Gourm    .   (no shield)
rNeg     . . .     Faith    .   g - +0 robe
rPois    .         Spirit   .   k - +1 helmet
rElec    .         Reflect  .   c - +0 cloak
rCorr    .         Harm     .   s - +0 pair of gloves
MR       .....                  D - +1 pair of boots
Stlth    +++++.....             (no amulet)
HPRegen  0.18/turn              u - ring of see invisible
MPRegen  0.12/turn              A - +4 ring of dexterity

@: corroded, hasted, very quick
A: no striking features
a: Renounce Religion


You were on level 6 of the Dungeon.
You worshipped Dithmenos.
Dithmenos was noncommittal.
You were near starving.

You visited 2 branches of the dungeon, and saw 7 of its levels.
You also visited: Sewer.

You collected 294 gold pieces.

Inventory:

Hand Weapons
 a - a +1 short sword of protection (weapon)
 b - a +0 hunting sling
 y - a +2 dagger
Missiles
 h - 50 sling bullets
 j - 114 stones
 x - 14 poisoned darts (quivered)
 I - 6 atropa-tipped darts
Armour
 c - a +0 cloak (worn)
 g - a +0 robe (worn)
 k - a +1 helmet (worn)
 s - a +0 pair of gloves (worn)
 D - a +1 pair of boots (worn)
Magical Staves
 F - an uncursed staff of earth {unknown}
Jewellery
 u - a ring of see invisible (left hand)
 A - a +4 ring of dexterity (right hand)
 B - an uncursed ring of positive energy {unknown}
Scrolls
 i - 2 scrolls of enchant weapon {unknown}
 l - a scroll of blinking {unknown}
 n - a scroll of noise {unknown}
 o - 3 scrolls of magic mapping {unknown}
 p - 8 scrolls of remove curse
 r - 4 scrolls of identify {unknown}
 v - 2 scrolls of teleportation {unknown}
 C - a scroll of enchant armour {unknown}
Potions
 d - a potion of brilliance {unknown}
 e - a potion of berserk rage {unknown}
 m - 2 potions of might
 q - 4 potions of haste
 t - 2 potions of agility
 w - 2 potions of curing {unknown}
 z - 2 potions of flight {unknown}
 E - a potion of invisibility {unknown}
 G - a potion of mutation {unknown}
Miscellaneous
 H - a phial of floods
Comestibles
 f - 9 rations


   Skills:
 - Level 2.0 Fighting
 - Level 2.0 Short Blades
 - Level 2.0 Throwing
 - Level 1.0 Dodging
 - Level 10.0 Stealth
 * Level 1.8 Spellcasting
 * Level 3.9 Hexes
 - Level 2.0 Ice Magic


You had 8 spell levels left.
You knew the following spells:

 Your Spells              Type           Power        Failure   Level  Hunger
a - Ensorcelled Hibernat  Hex/Ice        #.....       11%         2    ###....

Your spell library contained the following spells:

 Spells                   Type           Power        Failure   Level  Hunger
 Corona                   Hex            ##.....      4%          1    ##.....
 Confusing Touch          Hex            ##......     14%         3    ####...
 Tukima's Dance           Hex            ##......     14%         3    ####...
 Dazzling Flash           Conj/Hex       #.....       32%         3    ####...


Dungeon Overview and Level Annotations

Branches:
Dungeon (6/15)             Temple (1/1) D:4           Sewer (visited)

Altars:
Ashenzari
Cheibriados
Dithmenos
Elyvilon
Fedhas
Gozag
Hepliaklqana
Kikubaaqudgha
Makhleb
Nemelex Xobeh
Okawaru
Qazlal
Ru
Sif Muna
Trog
Uskayaw
Vehumet
Wu Jian
Xom
Yredelemnul
Zin
The Shining One

Annotations:
D:2 Jessica
D:3 2 runed translucent doors, Napalmbreeze's ghost, novice DsCK
D:4 Pikel


Message History

The jelly is moderately wounded.
The jelly hits you but does no damage.
You hit the jelly. The acid corrodes you!
Your hands burn!
The jelly is heavily wounded.
The jelly barely misses you.
You hit the jelly.
Your hands burn!
The jelly is severely wounded.
The jelly hits you but does no damage.
You hit the jelly but do no damage.
Your hands burn!
* * * LOW HITPOINT WARNING * * *
The jelly is severely wounded.
The jelly hits you.
* * * LOW HITPOINT WARNING * * *
The acid corrodes you!
You are splashed with acid!
* * * LOW HITPOINT WARNING * * *
Okay, then.
It was a potion of haste.
You feel yourself speed up. The jelly hits you.
* * * LOW HITPOINT WARNING * * *
You are splashed with acid!
You die...

.####.......# #.#
###...#.# #.# #...#+##
#.# ####...## #.#
##.<...## #.###
##.......## ##...#
#.........####....####
+....J....+...........
#....@....####....####
##.......## ###.#.####
##.....## #........#
##...## #.#.#.#..#
##+## #.#.#.#..#
######.# #.#.#....#
....##.# #.#.##...#
.#.#.
....##.#######.#.##...#
.....
#..#...##............#


You could see a jelly.

Vanquished Creatures
  Sigmund (D:5)
  3 slaves (D:4)
  2 ogres
  2 bullfrogs (Sewer)
  A wyvern skeleton (D:6)
  A scorpion (D:4)
  A howler monkey (D:5)
  A crimson imp (D:5)
  A jelly (D:4)
  4 hounds
  2 orc wizards
  2 orc priests
  Terence (D:2)
  Natasha (thrice) (D:2)
  A worker ant (D:5)
  A gnoll (D:1)
  8 adders
  A shadow imp (D:5)
  An ooze (D:3)
  4 worms
  A dart slug (D:3)
  7 leopard geckos
  5 orcs
  9 bats
  18 giant cockroaches
  9 hobgoblins
  10 jackals
  7 kobolds
  3 quokkas
  3 ball pythons
  13 frilled lizards
  5 goblins
  A leopard gecko skeleton (D:4)
  A quokka skeleton (D:4)
  10 rats
143 creatures vanquished.

Notes
Turn   | Place    | Note
-------+----------+-------------------------------------------
     0 | D:1      | Kagalorn the Human Assassin began the quest for the Orb.
     0 | D:1      | Reached XP level 1. HP: 16/16 MP: 1/1
   125 | D:1      | Reached XP level 2. HP: 13/22 MP: 2/2
   289 | D:1      | Reached XP level 3. HP: 23/27 MP: 3/3
   294 | D:1      | Reached skill level 5 in Stealth
  1088 | D:1      | Reached XP level 4. HP: 33/33 MP: 4/4
  1271 | D:2      | Reached skill level 6 in Stealth
  1327 | D:2      | Noticed Jessica
  1369 | D:2      | Noticed Natasha
  1377 | D:2      | Killed Natasha
  1377 | D:2      | Reached XP level 5. HP: 36/38 MP: 5/5
  1628 | D:2      | Noticed Natasha
  1641 | D:2      | Killed Natasha
  1645 | D:2      | Noticed Natasha
  1832 | D:2      | Killed Natasha
  1832 | D:2      | Reached skill level 7 in Stealth
  1880 | D:2      | Noticed Terence
  1897 | D:2      | Killed Terence
  1897 | D:2      | Reached XP level 6. HP: 39/44 MP: 6/6
  2238 | D:3      | Found a large runed translucent door.
  2238 | D:3      | Found a large runed translucent door.
  2242 | D:3      | Noticed Napalmbreeze's ghost (novice DsCK)
  2317 | D:3      | Found a burning altar of Makhleb.
  2320 | D:3      | Found a shadowy altar of Dithmenos.
  2320 | D:3      | Found a shimmering altar of Xom.
  2399 | D:3      | Found a sparkling altar of Nemelex Xobeh.
  2399 | D:3      | Found a shattered altar of Ashenzari.
  2399 | D:3      | Found a shimmering altar of Xom.
  2742 | D:3      | Reached skill level 8 in Stealth
  3058 | D:3      | Found a shimmering blue altar of Sif Muna.
  3141 | D:4      | Learned a level 2 spell: Ensorcelled Hibernation
  3239 | D:4      | Reached XP level 7. HP: 31/50 MP: 7/7
  3599 | D:4      | Noticed Pikel
  3879 | D:4      | Found a staircase to the Ecumenical Temple.
  3889 | Temple   | Entered the Ecumenical Temple
  4104 | Temple   | Became a worshipper of Dithmenos the Shadowed
  4168 | D:4      | Reached skill level 9 in Stealth
  4669 | D:4      | HP: 2/50 [Pikel/+2 whip of freezing (3)]
  5056 | D:5      | Entered Level 5 of the Dungeon
  5068 | D:5      | Found a sparkling altar of Nemelex Xobeh.
  5209 | D:5      | Reached skill level 1 in Hexes
  5209 | D:5      | Reached skill level 1 in Ice Magic
  5479 | D:5      | Reached XP level 8. HP: 31/56 MP: 8/8
  5524 | D:5      | Noticed Sigmund
  5528 | D:5      | Killed Sigmund
  5528 | D:5      | Reached skill level 10 in Stealth
  5607 | D:5      | Found a glowing drain.
  5618 | Sewer    | Entered a sewer
  6261 | D:5      | Reached skill level 1 in Spellcasting
  6789 | D:6      | HP: 1/56 [jelly (3)]
  6789 | D:6      | Splashed by a jelly's acid

Levels and vault maps discovered:
D:1:      dpeg_arrival_solitude, layout_basic, minmay_misc_feat_cross,
          minmay_pentomino_s4
D:2:      layout_loops_ring, first_ration, minmay_misc_feat_x,
          nrook_loot_triangle, dk_noncrumbling_4, minmay_circle_x, uniq_terence,
          uniq_jessica, uniq_natasha
D:3:      layout_loops_ring, led_sif_pool, ebering_ghost_disaster_area,
          minmay_misc_feat_square, doesnt_xom_only_xom
D:4:      layout_cave_pods, minmay_temple_entry_slanted, st_stairs_11,
          uniq_pikel
D:5:      layout_loops_corners, gup_sewer_entry_bubbles,
          nemelex_diamond_rough_becter, uniq_sigmund
D:6:      layout_loops_corners, serial_glass, glass_columns_a, glass_columns_b,
          st_stairs_13
Temple:   roderic_octagonal_lattice_temple

Skill      XL: |  1  2  3  4  5  6  7  8 |
---------------+-------------------------+-----
Stealth        | 5 6 7 8 9 10 | 10.0
Hexes          | 1 3 |  3.9
Ice Magic      | 1 2 |  2.0
Spellcasting   | 1 |  1.8
Fighting       | |  2.0
Short Blades   | |  2.0
Throwing       | |  2.0
Dodging        | |  1.0

Action                   |  1- 3 |  4- 6 |  7- 9 || total
-------------------------+-------+-------+-------++-------
Melee: Dagger            |    78 |   203 |       ||   281
       Short sword       |       |    61 |   341 ||   402
Throw: Dart              |    10 |    32 |    30 ||    72
       Stone             |       |       |     3 ||     3
       Throwing net      |       |       |     1 ||     1
 Cast: Ensorcelled Hiber |       |       |     3 ||     3
  Use: Potion            |       |       |     4 ||     4
       Scroll            |       |       |     1 ||     1
 Stab: Sleeping          |     7 |    18 |     8 ||    33
       Distracted        |       |     2 |       ||     2
  Eat: Chunk             |       |     8 |     7 ||    15
       Ration            |       |       |     1 ||     1
Armor: Robe              |     8 |    67 |   145 ||   220
Dodge: Dodged            |    44 |   147 |   208 ||   399

Table legend:
 A = Non-vault XP
 B = Vault XP
 C = Vault XP percentage of total XP
 D = Non-vault monster count
 E = Vault monster count
 F = Vault count percentage of total count
                 A         B        C        D         E       F
            +---------+---------+-------+---------+---------+-------
      Total |    1112 |     668 |  37.5 |      98 |      42 |  30.0
            +---------+---------+-------+---------+---------+-------
        D:1 |      45 |      24 |  34.8 |      20 |       6 |  23.1
        D:2 |     133 |     103 |  43.6 |      31 |       6 |  16.2
        D:3 |     227 |       0 |   0.0 |      29 |       0 |   0.0
        D:4 |     220 |      76 |  25.7 |       6 |       3 |  33.3
        D:5 |     402 |     232 |  36.6 |      10 |       7 |  41.2
        D:6 |      85 |       0 |   0.0 |       2 |       0 |   0.0
      Sewer |       0 |     233 | 100.0 |       0 |      20 | 100.0
            +---------+---------+-------+---------+---------+-------
